 Dungeon Crawl Stone Soup version bcrawl-1.24 (webtiles) character file.

Game seed: 9765663712864338614

99 Freyura the Cudgeler (level 4, -6/26 HPs)
             Began as a Gargoyle Monk on June 13, 2020.
             Mangled by an orc priest
             ... wielding a +0 morningstar
              (9 damage)
             ... on level 3 of the Dungeon.
             The game lasted 00:06:40 (1781 turns).

Freyura the Cudgeler (Gargoyle Monk)                Turns: 1781, Time: 00:06:40

Health: -6/26      AC:  8    Str: 15    XL:     4   Next: 72%
Magic:  0/5        EV:  6    Int: 10    God:
Gold:   196        SH:  7    Dex: 13    Spells: 3/3 levels left

rFire    . . .     SeeInvis +   a - +0 mace
rCold    . . .     Gourm    .   h - +0 medium shield
rNeg     + . .     Faith    .   p - +0 ring mail (curse)
rPois    ∞         Spirit   +   c - +0 hat
rElec    +         Reflect  .   (no cloak)
rCorr    .         Harm     .   (no gloves)
MR       .....     Clarity  +   (no boots)
Stlth    +.........             d - amulet of guardian spirit
HPRegen  0.08/turn              n - ring of see invisible
MPRegen  0.09/turn              (no ring)

@: no status effects
A: clarity, frail 1, negative energy resistance 1, electricity resistance,
unbreathing, petrification resistance, rot immunity, AC +3
a: no special abilities


You were on level 3 of the Dungeon.
You were not hungry.

You visited 1 branch of the dungeon, and saw 3 of its levels.

You collected 196 gold pieces.

Inventory:

Hand Weapons
 a - a +0 mace (weapon)
Armour
 b - a +0 robe
 c - a +0 hat (worn)
 h - a +0 medium shield (worn)
 p - a cursed +0 ring mail (worn)
Jewellery
 d - an amulet of guardian spirit (around neck)
 n - a ring of see invisible (left hand)
Scrolls
 f - 2 scrolls of remove curse
 g - a scroll of identify
 o - a scroll of immolation {unknown}
 r - a scroll of magic mapping {unknown}
 s - a scroll of teleportation {unknown}
 t - a scroll of amnesia {unknown}
 u - a scroll of fear {unknown}
Potions
 i - a potion of flight
 j - 2 potions of cancellation
 l - a potion of magic
 m - a potion of brilliance {unknown}
 q - 2 potions of curing {unknown}
Comestibles
 e - 5 rations {!d}
 k - 2 chunks of flesh


   Skills:
 + Level 3.8 Fighting
 * Level 4.0 Maces & Flails
 + Level 1.5 Armour
 + Level 2.8 Dodging
 - Level 2.4 Stealth
 + Level 1.2 Shields
   Level 2.1 Invocations


You had 3 spell levels left.
You didn't know any spells.
Your spell library was empty.

Dungeon Overview and Level Annotations

Branches:
Dungeon (3/12)

Altars:


Innate Abilities, Weirdness & Mutations

You are resistant to torment.
Your stone body is resilient. (AC +3)
You are immune to poison.
You resist negative energy. (rN+)
You are resistant to electric shocks. (rElec)
You can survive without breathing.
You are immune to petrification.
You are immune to rotting.
You possess an exceptional clarity of mind.
You are frail. (-10% HP)


Message History

The orc hits you but does no damage.
You barely miss the orc priest.
The orc priest is moderately wounded.
You block the orc priest's attack. The orc hits you but does no damage.
You hit the orc priest.
The orc priest is heavily wounded.
You block the orc priest's attack. The orc barely misses you.
You block the orc's attack.
Your shield prevents you from hitting the orc priest.
The orc priest is heavily wounded.
The orc priest completely misses you. You block the leopard gecko's attack.
The orc hits you with a +0 whip.
* * * LOW HITPOINT WARNING * * *
The leopard gecko bites you but does no damage.
The orc priest hits you but does no damage.
You hit the orc priest.
The orc priest is severely wounded.
The orc barely misses you. You block the leopard gecko's attack.
The orc priest hits you with a +0 morningstar!
You die...

## .. ... #. ..... #.
####.....
#.##........
..#........
#o#.$....).
#######@o........
........l†).....%
########.(....... ###
##.#####.# ### # #<#
#.# .# ...# ..#.# #.#
#.# .#. ..# #####.#.
#.# #.# ##.#....
....... #.# #.##
#.....#
......#####.######..#
#..#..#


You could see an orc priest, an orc and a leopard gecko.

Vanquished Creatures
  A worker ant (D:3)
  An adder (D:3)
  A worm (D:1)
  2 dart slugs (D:2)
  4 leopard geckos
  3 orcs (D:3)
  7 bats (D:1)
  A giant cockroach (D:2)
  7 goblins
  7 hobgoblins
  4 jackals
  6 kobolds
  4 rats
48 creatures vanquished.

Notes
Turn   | Place    | Note
-------+----------+-------------------------------------------
     0 | D:1      | Freyura the Gargoyle Monk began the quest for the Orb.
     0 | D:1      | Reached XP level 1. HP: 14/14 MP: 2/2
   335 | D:1      | Reached XP level 2. HP: 19/19 MP: 3/3
   564 | D:1      | Reached XP level 3. HP: 12/23 MP: 4/4
   742 | D:1      | Reached skill level 1 in Armour
  1297 | D:2      | Reached skill level 1 in Shields
  1543 | D:3      | Gained mutation: You are frail. (-10% HP) [potion of
                  | mutation]
  1543 | D:3      | Gained mutation: You possess an exceptional clarity of
                  | mind. [potion of mutation]
  1551 | D:3      | Reached XP level 4. HP: 26/26 MP: 5/5
  1767 | D:3      | Reached skill level 4 in Maces & Flails
  1781 | D:3      | Mangled by an orc priest

Skill      XL: |  1  2  3  4 |
---------------+-------------+-----
Armour         | 1 |  1.5
Shields        | 1 |  1.2
Maces & Flails | 4 |  4.0
Fighting       | |  3.8
Dodging        | |  2.8
Stealth        | |  2.4
Invocations    | |  2.1

Action                   |  1- 3 |  4- 6 || total
-------------------------+-------+-------++-------
Melee: Mace              |   115 |    54 ||   169
  Use: Scroll            |     4 |       ||     4
       Potion            |     1 |       ||     1
 Stab: Sleeping          |     3 |       ||     3
  Eat: Chunk             |     1 |     2 ||     3
Armor: Robe              |    49 |       ||    49
       Ring mail         |    26 |    35 ||    61
Dodge: Dodged            |    32 |    17 ||    49
Block: Medium shield     |    48 |    26 ||    74
